 Dungeon Crawl Stone Soup version 0.26-a0-651-gb41185065b (webtiles) character file.

Game seed: 16025174004229901128

8610 ipx the Severer (level 11, -4/97 HPs)
             Began as a Minotaur Fighter on Oct 20, 2020.
             Was a Priest of Makhleb.
             Slain by a centaur warrior (7 damage)
             ... on level 13 of the Dungeon.
             The game lasted 00:50:39 (3524 turns).

ipx the Severer (Minotaur Fighter)                  Turns: 3524, Time: 00:50:39

Health: -4/97      AC: 18    Str: 22      XL:     11   Next: 12%
Magic:  11/11      EV:  6    Int:  3 (5)  God:    Makhleb [***...]
Gold:   253        SH:  0    Dex: 15      Spells: 10/10 levels left

rFire    . . .     SeeInvis .   B - +3 arbalest of Watchfulness {flame, rN+ Dex+3} (curse)
rCold    . . .     Faith    .   (shield currently unavailable)
rNeg     + . .     Spirit   .   J - +0 plate armour
rPois    .         Reflect  .   (helmet restricted)
rElec    .         Harm     .   G - +2 cloak
rCorr    .         Rampage  .   (no gloves)
MR       .....                  j - +1 pair of boots
Stlth    ..........             (no amulet)
HPRegen  0.26/turn              (no ring)
MPRegen  0.12/turn              (no ring)

@: no status effects
A: retaliatory headbutt, horns 2
a: Minor Destruction, Lesser Servant of Makhleb, Renounce Religion


You were on level 13 of the Dungeon.
You worshipped Makhleb.
Makhleb was most pleased with you.
You visited 1 branch of the dungeon, and saw 13 of its levels.
You also visited: Ossuary.

You collected 371 gold pieces.
You spent 118 gold pieces at shops.

Inventory:

Hand Weapons
 a - a +0 war axe
 p - a +3 trident of protection
 B - the cursed +3 arbalest of Watchfulness (weapon) {flame, rN+ Dex+3}
   (You found it on level 6 of the Dungeon)

   It causes projectiles fired from it to burn those they strike, causing extra
   injury to most foes and up to half again as much damage against particularly
   susceptible opponents.
   It affects your dexterity (+3).
   It protects you from negative energy.
   It has a curse placed upon it.
 D - a +0 battleaxe
 L - a +1 hand axe of flaming
Missiles
 h - 2 atropa-tipped darts
 k - a throwing net
 u - 4 boomerangs
 w - 32 poisoned darts (quivered)
Armour
 c - a +0 kite shield
 j - a +1 pair of boots (worn)
 l - a scarf of resistance
 x - a +0 ring mail
 G - a +2 cloak (worn)
 J - a +0 plate armour (worn)
Wands
 o - a wand of polymorph (4)
 s - a wand of random effects (22)
 y - a wand of digging (4)
Scrolls
 g - 2 scrolls of magic mapping
 n - a scroll of fog
 q - 2 scrolls of teleportation
 E - a scroll of immolation
 F - a scroll of enchant weapon
Potions
 b - a potion of berserk rage
 d - 2 potions of might
 e - 3 potions of heal wounds
 f - 2 potions of flight
 i - a potion of magic {unknown}
 m - 3 potions of mutation
 r - 2 potions of brilliance
 t - 2 potions of stabbing {unknown}
 v - 2 potions of curing
 z - 3 potions of haste
 A - 2 potions of invisibility
 C - a potion of lignification {unknown}
 K - a potion of ambrosia {unknown}


   Skills:
 - Level 9.1 Fighting
 - Level 15.8 Axes
 + Level 3.5 Throwing
 + Level 5.8 Armour
 - Level 3.6 Shields
 * Level 2.0 Invocations
 - Level 4.0 Evocations


You had 10 spell levels left.
You didn't know any spells.
Your spell library was empty.

Dungeon Overview and Level Annotations

Branches:
Dungeon (13/15)            Temple (0/1) D:7            Lair (0/6) D:10
    Orc (0/2) D:10        Ossuary (visited)
 Vaults: D:13-14

Altars:
Makhleb
Sif Muna
Xom

Shops:
D:5 *=   D:8 *

Annotations:
D:6 1 transporter, PanSaczeczos's ghost, novice MfIE
D:7 Dowan; Duvessa
D:11 Maurice
D:12 Frances


Innate Abilities, Weirdness & Mutations

You reflexively headbutt those who attack you in melee.
You have a pair of horns on your head.


Message History

The centaur warrior hits you but does no damage.
The centaur warrior hits you but does no damage.
The centaur warrior hits you but does no damage.
A troll comes into view.
The centaur warrior closely misses you. You furiously retaliate!
You headbutt the centaur warrior! The centaur warrior hits you.
* * * LOW HITPOINT WARNING * * *
The centaur warrior hits you but does no damage.
The centaur warrior hits you.
* * * LOW HITPOINT WARNING * * *
The centaur warrior hits you!
* * * LOW HITPOINT WARNING * * *
The centaur warrior hits you but does no damage.
The centaur warrior closely misses you. You furiously retaliate!
You headbutt the centaur warrior!
The centaur warrior hits you but does no damage.
The centaur warrior hits you but does no damage.
The centaur warrior hits you!
You die...

###.. #...##...#
#....'...# #####
#...##...# #
....###...##...# ..'
......#...##...####ccT.#
.(..#.##........@cDccY..
....#.##.....(.)######..
....#...........#
#...#####.......#
#.###############
..#.......))..#
###.#########.# # #<#
#.# ###.# #####.#


You could see a four-headed hydra, a centaur warrior, a troll, an ice beast and
4 centaurs.

Vanquished Creatures
  A two-headed ogre (D:11)
  A centaur skeleton (D:13)
  A troll (D:9)
  3 hippogriffs
  A redback (D:12)
  17 yaks
  2 wraiths (D:10)
  A soldier ant (D:12)
  3 ice beasts
  3 orc warriors
  4 sky beasts
  An ogre (D:7)
  3 centaurs
  2 crocodiles (D:10)
  7 bullfrogs
  A wyvern zombie (D:12)
  3 scorpions
  2 water moccasin zombies (Ossuary)
  2 water moccasin skeletons
  6 killer bees
  4 wights
  2 bullfrog zombies (D:7)
  A howler monkey (D:7)
  A centaur zombie (D:10)
  3 jellies
  2 hounds
  2 orc priests
  A bullfrog skeleton (D:6)
  Jessica (D:6)
  4 iguanas
  Ijyb (D:3)
  7 orc wizards
  6 worker ants
  3 big kobold zombies (Ossuary)
  3 hound skeletons
  A hound zombie (D:10)
  3 mummies
  A worker ant zombie (D:6)
  5 adders
  3 shadow imps
  6 white imps
  4 adder zombies (Ossuary)
  3 worms
  A dart slug (D:1)
  2 leopard geckos
  25 orcs
  A ball python (D:7)
  4 giant cockroaches
  2 gnoll zombies (Ossuary)
  2 goblins (D:3)
  2 hobgoblins
  2 jackals (D:5)
  3 quokkas
  2 ball python skeletons
  4 bats
  2 frilled lizards
  6 hobgoblin zombies (Ossuary)
  2 kobolds (D:1)
  3 kobold zombies (Ossuary)
  A leopard gecko skeleton (D:4)
  7 orc zombies
  A quokka skeleton (D:4)
  3 rats
206 creatures vanquished.

Vanquished Creatures (collateral kills)
  A wight (D:10)
1 creature vanquished.

Vanquished Creatures (others)
  22 fungi (D:10)
  10 plants (D:10)
32 creatures vanquished.

Grand Total: 239 creatures vanquished

Notes
Turn   | Place    | Note
-------+----------+-------------------------------------------
     0 | D:1      | ipx the Minotaur Fighter began the quest for the Orb.
     0 | D:1      | Reached XP level 1. HP: 19/19 MP: 0/0
    41 | D:1      | Reached skill level 3 in Axes
    85 | D:1      | Reached XP level 2. HP: 17/26 MP: 1/1
   250 | D:3      | Reached skill level 4 in Axes
   367 | D:3      | Noticed Ijyb
   372 | D:3      | Reached XP level 3. HP: 30/31 MP: 2/2
   412 | D:3      | Killed Ijyb
   415 | D:3      | Reached skill level 5 in Axes
   519 | D:4      | Reached XP level 4. HP: 30/39 MP: 3/3
   625 | D:4      | Reached skill level 6 in Axes
   633 | D:4      | Noticed an ogre
   669 | D:5      | Entered Level 5 of the Dungeon
   732 | D:5      | Found Fumur's Jewellery Boutique.
   784 | D:5      | Reached XP level 5. HP: 28/46 MP: 4/4
   800 | D:5      | Noticed a sky beast
   809 | D:5      | Killed a sky beast
   809 | D:5      | Reached skill level 7 in Axes
   809 | D:5      | Reached XP level 6. HP: 37/53 MP: 5/5
   837 | D:5      | Found Lusioc's General Store.
   864 | D:5      | Bought a potion of curing for 33 gold pieces
   864 | D:5      | Bought a scroll of identify for 22 gold pieces
   900 | D:5      | Found a sand-covered staircase.
   906 | Ossuary  | Entered an ossuary
   933 | Ossuary  | Reached skill level 5 in Fighting
   936 | Ossuary  | Reached skill level 8 in Axes
  1106 | Ossuary  | Reached XP level 7. HP: 40/61 MP: 6/6
  1257 | D:6      | Noticed PanSaczeczos's ghost (novice MfIE)
  1257 | D:6      | Identified the +4 dire flail of Reinforcement {vorpal, +Fly
                  | MR+ Str+8 Int-4}
  1257 | D:6      | Identified the +5 great mace of the Doomed Warrior {speed,
                  | *Noise +Inv rC++ MR+}
  1257 | D:6      | Noticed a two-headed ogre
  1265 | D:6      | Found a transporter.
  1316 | D:6      | Noticed Jessica
  1327 | D:6      | Killed Jessica
  1335 | D:6      | Found a shimmering blue altar of Sif Muna.
  1376 | D:7      | Reached skill level 9 in Axes
  1376 | D:7      | Reached skill level 1 in Throwing
  1409 | D:7      | Found a staircase to the Ecumenical Temple.
  1466 | D:7      | Reached XP level 8. HP: 54/70 MP: 7/7
  1519 | D:6      | Reached skill level 10 in Axes
  1534 | D:7      | Found a burning altar of Makhleb.
  1542 | D:7      | Became a worshipper of Makhleb the Destroyer
  1650 | D:6      | Got a shimmering arbalest
  1809 | D:7      | Noticed Duvessa
  1809 | D:7      | Noticed Dowan
  1812 | D:8      | Found Gudais's General Store.
  1815 | D:8      | Bought a potion of degeneration for 14 gold pieces
  1815 | D:8      | Bought a scroll of immolation for 49 gold pieces
  1925 | D:8      | Found a shimmering altar of Xom.
  1964 | D:8      | Reached skill level 11 in Axes
  1965 | D:8      | Noticed a hippogriff
  1973 | D:8      | Killed a hippogriff
  2102 | D:9      | Noticed a troll
  2115 | D:9      | Reached skill level 1 in Evocations
  2115 | D:9      | Reached XP level 9. HP: 69/79 MP: 8/8
  2119 | D:9      | Killed a troll
  2119 | D:9      | Reached skill level 12 in Axes
  2131 | D:9      | Reached * piety under Makhleb
  2154 | D:9      | Reached skill level 13 in Axes
  2297 | D:10     | Entered Level 10 of the Dungeon
  2390 | D:10     | Found a staircase to the Orcish Mines.
  2418 | D:10     | Reached XP level 10. HP: 31/88 MP: 9/9
  2436 | D:10     | Reached skill level 14 in Axes
  2605 | D:10     | Found a staircase to the Lair.
  2614 | D:10     | Reached ** piety under Makhleb
  2794 | D:9      | Reached skill level 15 in Axes
  2905 | D:11     | Identified the cursed +3 arbalest of Watchfulness {flame,
                  | rN+ Dex+3} (You found it on level 6 of the Dungeon)
  2938 | D:11     | Noticed a two-headed ogre
  2982 | D:11     | Killed a two-headed ogre
  2985 | D:11     | Reached skill level 5 in Armour
  3075 | D:11     | Noticed Maurice
  3162 | D:12     | Noticed a centaur warrior
  3163 | D:12     | Noticed Frances
  3164 | D:12     | a centaur warrior changed into a redback
  3167 | D:12     | Reached XP level 11. HP: 76/97 MP: 10/10
  3169 | D:12     | Noticed a sun demon
  3437 | D:13     | Reached skill level 1 in Invocations
  3480 | D:13     | Reached *** piety under Makhleb
  3509 | D:13     | Noticed a centaur warrior
  3511 | D:13     | Noticed a four-headed hydra
  3521 | D:13     | HP: 2/97 [centaur warrior (7)]
  3524 | D:13     | Slain by a centaur warrior

Illustrated notes

Levels and vault maps discovered:
D:1:      dpeg_arrival_orchard, layout_rooms
D:2:      layout_basic, grunt_ministairs_14
D:3:      layout_basic, nicolae_tso_carved_into_rock,
          nicolae_overflow_hidden_temple, uniq_ijyb, uniq_sigmund
D:4:      layout_loops_ring, dancing_weapons_uskayaw, ebering_ghost_sewer_d
D:5:      layout_rooms, nicolae_ossuary_entry_giza, serial_shops,
          nicolae_shop_stone, shop
D:6:      layout_loops_ring, tgw_sif, gammafunk_ghost_smash,
          grunt_decor_one_mirror, minmay_fire_ice_demons, uniq_eustachio
D:7:      layout_loops_ring, lightli_temple_of_fire,
          nicolae_ru_great_annihilating_truth, minmay_temple_entry_from_below_b,
          uniq_duvessa
D:8:      layout_loops_ring, trog_ov_bears_minmay,
          lemuel_coloured_pillars_altar, serial_shops, nicolae_shop_behind_doors
D:9:      layout_basic, grunt_decor_arrowhead
D:10:     layout_basic, grunt_lair_entry_orc_guard_hut, orc_0_dummy
D:11:     layout_cave_pools, uniq_erica, uniq_maurice
D:12:     layout_irregular_city, uniq_frances
D:13:     layout_basic, grunt_vaults_entry_tiered, eino_jars

Skill      XL: |  1  2  3  4  5  6  7  8  9 10 11 |
---------------+----------------------------------+-----
Axes           | 3 4 5 6 7 8 9 11 13 15 | 15.8
Fighting       | 4 5 7 8 9 |  9.1
Throwing       | 2 3 |  3.5
Evocations     | 1 3 4 |  4.0
Armour         | 5 |  5.8
Invocations    | 2 |  2.0
Shields        | |  3.6

Action                   |  1- 3 |  4- 6 |  7- 9 | 10-12 || total
-------------------------+-------+-------+-------+-------++-------
Melee: War axe           |    80 |    92 |   233 |   109 ||   514
       Headbutt          |    10 |    20 |    47 |    27 ||   104
       Unarmed           |     3 |       |       |       ||     3
Throw: Dart              |     2 |     2 |    11 |    91 ||   106
       Boomerang         |       |       |     4 |    15 ||    19
       Throwing net      |       |       |       |     1 ||     1
Invok: Minor Destruction |       |       |       |    12 ||    12
Evoke: Wand              |       |       |     4 |    29 ||    33
  Use: Scroll            |     4 |     3 |     6 |     6 ||    19
       Potion            |       |       |     4 |     3 ||     7
 Stab: Invisible         |     1 |       |       |       ||     1
       Distracted        |       |       |       |     1 ||     1
Armor: Scale mail        |    27 |    22 |       |       ||    49
       Ring mail         |       |     6 |    57 |    19 ||    82
       Plate armour      |       |       |       |    77 ||    77
Dodge: Dodged            |    28 |    24 |    69 |    52 ||   173
Block: Kite shield       |    39 |    27 |    90 |    34 ||   190

Table legend: (Time is in decaauts)
 A = Elapsed time spent in this place.
 B = Non-inter-level travel time spent in this place.
 C = Inter-level travel time spent in this place.
 D = Time resting spent in this place.
 E = Time spent auto-exploring this place.
 F = Levels seen in this place.
 G = Mean time per level.
                   A        B        C        D        E       F      G
               +--------+--------+--------+--------+--------+-----+--------+
         Total |   3752 |   3752 |      0 |      5 |      0 |  14 |  268.0 |
       Dungeon |   3426 |   3426 |      0 |      5 |      0 |  13 |  263.5 |
       Ossuary |    326 |    326 |      0 |      0 |      0 |   1 |  326.0 |
               +--------+--------+--------+--------+--------+-----+--------+

Top non-repeatable levels by time:
    D:10: 554 daAuts
     D:9: 403 daAuts
     D:6: 334 daAuts
 Ossuary: 326 daAuts
     D:7: 314 daAuts
     D:5: 272 daAuts
    D:12: 229 daAuts
     D:3: 219 daAuts
     D:8: 213 daAuts
    D:13: 208 daAuts
    D:11: 197 daAuts
     D:4: 187 daAuts
     D:2: 170 daAuts
     D:1: 122 daAuts
